 Dungeon Crawl Stone Soup version 0.31-a0-983-g7b6862f502 (webtiles) character file.

Game seed: 17916170528064375319

70 Maratek the Trooper (level 4, 28/35 HPs)
             Began as a Demonspawn Fighter on Nov 2, 2023.
             Quit the game on level 2 of the Dungeon.
             The game lasted 00:02:24 (1662 turns).

Maratek the Trooper (Demonspawn Fighter)            Turns: 1662, Time: 00:02:25

Health: 28/35      AC: 18    Str: 18    XL:     4   Next: 3%
Magic:  4/4        EV:  5    Int:  9    God:
Gold:   73         SH:  5    Dex: 13    Spells: 3/3 levels left

rFire   . . .        a - +0 war axe (protect)
rCold   . . .        c - +1 buckler
rNeg    . . .        j - +0 plate armour
rPois   .            (no helmet)
rElec   .            (no cloak)
rCorr   .            (no gloves)
SInv    .            (no boots)
Will    .....        (no amulet) Stlth
                     f - ring of flight
HPRegen 0.25/turn    (no ring)
MPRegen 0.09/turn

%: no passive effects
@: under a protective aura, flying
A: demonic guardian 1, demonic magic 1
a: no special abilities


You were on level 2 of the Dungeon.
You visited 1 branch of the dungeon, and saw 2 of its levels.

You collected 73 gold pieces.

Inventory:

Hand Weapons
 a - a +0 war axe of protection (weapon)
Armour
 c - a +1 buckler (worn)
 j - a +0 plate armour (worn)
Jewellery
 f - a ring of flight (left hand)
Scrolls
 e - a scroll of poison
 h - 2 scrolls of silence
 m - a scroll of teleportation
 n - a scroll of torment {unknown}
Potions
 b - a potion of lignification {unknown}
 d - 2 potions of might
 g - a potion of attraction
 i - a potion of enlightenment {unknown}
 k - a potion of brilliance {unknown}
 l - a potion of degeneration {unknown}
 o - a potion of mutation {unknown}


   Skills:
 + Level 3.5 Fighting
 + Level 2.7 Axes
 + Level 3.1 Armour
 + Level 0.4 Dodging
 + Level 3.0 Shields


You had 3 spell levels left.
You didn't know any spells.
Your spell library contained the following spells:

 Spells                   Type           Power      Damage    Failure   Level
 Necrotise                Necr           0%         1d4       100%        1
 Cigotuvi's Dreadful Rot  Necr/Pois/Air  0%         N/A       100%        2
 Ignite Poison            Fire/Tmut/Pois 0%         N/A       100%        3
 Vampiric Draining        Necr           0%         2d6       100%        3
 Agony                    Necr           0%         N/A       100%        5
 Freezing Cloud           Conj/Ice/Air   0%         6-21      100%        5


Dungeon Overview and Level Annotations

Branches:
Dungeon (2/15)

Altars:


Innate Abilities, Weirdness & Mutations

A weak demonic guardian rushes to your aid.
Spells you cast may paralyse adjacent enemies.


Message History

No target in view!
No target in view!
No target in view!
Things that are here:
a +0 club; 4 stones; a kobold corpse
Found an escape hatch in the floor.
Found a dagger.
Jessica the Apprentice Sorceress comes into view.
She is wielding a +0 dagger and wearing a +1 robe of fire resistance.
Jessica shouts!
Jessica casts a spell.
Jessica blinks!
You see here 14 gold pieces.
You block Jessica's attack.
You hit Jessica.
Your weapon exudes an aura of protection.
Jessica is lightly wounded.
Jessica hits you but does no damage. Jessica hits you with a +0 dagger.
You barely miss Jessica. You block Jessica's attack.
You barely miss Jessica.
Jessica points at you and mumbles some strange words.
You resist with some effort.
You closely miss Jessica. Jessica barely misses you.
Jessica hits you but does no damage.
You hit Jessica.
Your weapon exudes an aura of protection.
Jessica is heavily wounded.
Jessica gestures at you while chanting. You resist with some effort.
You closely miss Jessica.
Jessica is heavily wounded.
Jessica gestures at you while chanting. Pain shoots through your body!
Jessica hits you but does no damage.
You slash Jessica!
You kill Jessica!
You have reached level 4!
You feel agile.
Your demonic ancestry asserts itself...
A menacing aura infuses your magic.
No target in view!
No target in view!
Are you sure you want to abandon this character and quit the game? (Confirm with "yes".)

#.#
#.............####.####
#.#
######........)........
#.# #.####.#.####.####
##.## #.# #.#......#
##...##########.#
#.######.#
#.............#.#
#.######.#
#.....#######.#.#
##........# #.....#
#.#)# #.......#.#
##.....# #.#@#
#.......#.# .......#
#.#.# #.......# #
######.#
#)#.###.......#.# #.#
#.#.$......)....# #.#
#.#####.......## #.#
#.# #....>..# #..
#.#######..#### ###
#..........#
##########.#


There were no monsters in sight!

Vanquished Creatures
  Jessica (D:2)
  A worm (D:2)
  6 endoplasms
  3 giant cockroaches (D:1)
  8 goblins
  3 hobgoblins
  A jackal (D:1)
  3 kobolds
  A quokka (D:2)
  2 ball pythons (D:1)
  2 bats
  4 frilled lizards
  A rat (D:2)
36 creatures vanquished.

Vanquished Creatures (collateral kills)
  A jackal (D:1)
1 creature vanquished.

Grand Total: 37 creatures vanquished

Notes
Turn   | Place    | Note
-------+----------+-------------------------------------------
     0 | D:1      | Maratek the Demonspawn Fighter began the quest for the Orb.
     0 | D:1      | Reached XP level 1. HP: 18/18 MP: 1/1
   141 | D:1      | Gained mutation: A weak demonic guardian rushes to your
                  | aid. [demonic ancestry]
   141 | D:1      | Reached XP level 2. HP: 19/24 MP: 2/2
   728 | D:1      | Reached XP level 3. HP: 29/29 MP: 3/3
  1651 | D:2      | Noticed Jessica
  1661 | D:2      | Killed Jessica
  1662 | D:2      | Gained mutation: Spells you cast may paralyse adjacent
                  | enemies. [demonic ancestry]
  1662 | D:2      | Reached XP level 4. HP: 28/35 MP: 4/4
  1662 | D:2      | Quit the game

Illustrated notes

Levels and vault maps discovered:
D:1:      zelgadis_glass_arrival_small, layout_basic, serial_park_tiny_2
D:2:      layout_loops_ring, shapermc_ecumenical_altar_hornbeckon, uniq_jessica

Skill      XL: |  1  2  3 |
---------------+----------+-----
Axes           | 2 |  2.7
Shields        | 3 |  3.0
Armour         | 3 |  3.1
Fighting       | |  3.5
Dodging        | |  0.4

Action                     |  1- 3 |  4- 6 || total
---------------------------+-------+-------++-------
  Melee: War axe           |   109 |       ||   109
    Use: Scroll            |     7 |       ||     7
 Armour: Scale mail        |    67 |       ||    67
         Plate armour      |    15 |       ||    15
  Dodge: Dodged            |    34 |       ||    34
  Block: Buckler           |    31 |       ||    31

Table legend: (Time is in decaauts)
 A = Elapsed time spent in this place.
 B = Non-inter-level travel time spent in this place.
 C = Inter-level travel time spent in this place.
 D = Time resting spent in this place.
 E = Time spent auto-exploring this place.
 F = Levels seen in this place.
 G = Mean time per level.
                   A        B        C        D        E       F      G
               +--------+--------+--------+--------+--------+-----+--------+
         Total |   1707 |   1652 |     55 |     34 |   1295 |   2 |  853.5 |
       Dungeon |   1707 |   1652 |     55 |     34 |   1295 |   2 |  853.5 |
               +--------+--------+--------+--------+--------+-----+--------+

Top non-repeatable levels by time:
     D:1: 1231 daAuts
     D:2: 476 daAuts
